 Dungeon Crawl Stone Soup version 0.30-a0-364-gf6b3ef1049 (webtiles) character file.

Game seed: 11971301273046523619

11 Shayle the Chopper (level 2, 0/26 HPs)
             Began as a Naga Reaver on Nov 15, 2022.
             Slain by a goblin
             ... wielding a +0 dagger
              (2 damage)
             ... on level 1 of the Dungeon.
             The game lasted 00:01:26 (282 turns).

Shayle the Chopper (Naga Reaver)                     Turns: 282, Time: 00:01:27

Health: 0/26       AC:  2    Str: 14    XL:     2   Next: 29%
Magic:  5/5        EV:  9    Int: 13    God:
Gold:   27         SH:  0    Dex:  9    Spells: 4/5 levels left

rFire   . . .      SeeInvis +    a - +0 hand axe
rCold   . . .      Faith    .    (no shield)
rNeg    . . .      Spirit   .    b - +0 leather armour
rPois   +          Reflect  .    (no helmet)
rElec   .          Harm     .    (no cloak)
rCorr   .          Rampage  .    (no gloves)
Will    .....                    (no barding)
Stlth   +.........               (no amulet)
HPRegen 0.24/turn                (no ring)
MPRegen 0.09/turn                (no ring)

@: very slow
A: AC +0, large, see invisible, deformed body, poison resistance, slowness 2,
spit poison 1, naga tail 1
a: Spit Poison


You were on level 1 of the Dungeon.
You visited 1 branch of the dungeon, and saw 1 of its levels.

You collected 27 gold pieces.

Inventory:

Hand Weapons
 a - a +0 hand axe (weapon)
Armour
 b - a +0 leather armour (worn)
Potions
 c - a potion of ambrosia {unknown}
 d - 2 potions of flight {unknown}
 f - a potion of degeneration {unknown}
 g - a potion of attraction {unknown}


   Skills:
 + Level 2.1 Fighting
 + Level 3.1 Axes
 + Level 1.7 Dodging
 + Level 0.9 Stealth
 + Level 2.1 Spellcasting
 + Level 3.1 Conjurations


You had 4 spell levels left.
You knew the following spells:

 Your Spells              Type           Power      Damage    Failure   Level
a - Kiss of Death         Conj/Necr      20%        2d7       17%         1

Your spell library contained the following spells:

 Spells                   Type           Power      Damage    Failure   Level
 Momentum Strike          Conj/Tloc      10%        3d8       26%         2
 Hailstorm                Conj/Ice       5%         3d4       45%         3


Dungeon Overview and Level Annotations

Branches:
Dungeon (1/15)

Altars:


Innate Abilities, Weirdness & Mutations

Your serpentine skin is tough. (AC +0)
You have supernaturally acute eyesight. (SInv)
Armour fits poorly on your strangely shaped body.
Your system is resistant to poisons. (rPois)
You cover ground very slowly.
You can spit poison.
You have a snake-like lower body.


Message History

You kill the endoplasm!
The kobold barely misses you.
You closely miss the kobold. You hit the goblin but do no damage.
The goblin hits you with a +0 dagger. The kobold closely misses you.
The kobold hits you but does no damage. x2; The goblin barely misses you.
The kobold attacks as you move away! The kobold hits you with a +0 dagger.
There is an open door here.
The kobold attacks as you move away! The kobold closely misses you.
The goblin hits you with a +0 dagger.
Aiming: Spit Poison (2% risk of failure)
Press: ? - help, Shift-Dir - straight line, f - goblin
Aim: a goblin, wielding a +0 dagger (50% to hit)
The splash of poison misses the goblin.
The goblin hits you with a +0 dagger.
* * * LOW HITPOINT WARNING * * *
You closely miss the goblin. The goblin hits you with a +0 dagger.
* * * LOW HITPOINT WARNING * * *
You barely miss the goblin. The goblin hits you with a +0 dagger.
* * * LOW HITPOINT WARNING * * *
Throw: 3 darts (curare)
Press: ? - help, Q - select action, (/) - cycle Shift-Dir - straight line, f/p - goblin
Aim: a goblin, wielding a +0 dagger (45% to hit)
You throw a curare-tipped dart.
The curare-tipped dart completely misses the goblin.
You have got your breath back.
The goblin hits you with a +0 dagger.
* * * LOW HITPOINT WARNING * * *
Throw: 2 darts (curare)
Press: ? - help, Q - select action, (/) - cycle Shift-Dir - straight line, f/p - goblin
Aim: a goblin, wielding a +0 dagger (45% to hit)
You throw a curare-tipped dart.
The curare-tipped dart closely misses the goblin.
The goblin completely misses you.
Throw: dart (curare)
Press: ? - help, Q - select action, (/) - cycle Shift-Dir - straight line, f/p - goblin
Aim: a goblin, wielding a +0 dagger (45% to hit)
You throw a curare-tipped dart.
The curare-tipped dart closely misses the goblin.
The goblin hits you but does no damage. The goblin hits you with a +0 dagger.
You die...

..... ......#.#..... #
..?.#########'###### #.
##...#...............
#..####....#.#.###########.
#.........>#.# .#.......#.#
...........#.#.#.###'###.#.
...........#.#.#.#.....#.#.
#.....#..###.#.#.#.....#.#.
#.... ##Kg@'.#.#.+..<..+.#.
.... #..###.#.#.#...).#.#.
.## #... #.#.#.#.....#.#.
....###.#.#.###+###.#.
####.# #.##.#.......#.# ..#
#.#.###########. ...
#............... #.
#########'###### #.#
#.#.....


You could see a goblin and a kobold.

Vanquished Creatures
  A dart slug (D:1)
  An endoplasm (D:1)
  A giant cockroach (D:1)
  A goblin (D:1)
  A hobgoblin (D:1)
  3 bats (D:1)
  A frilled lizard (D:1)
9 creatures vanquished.

Notes
Turn   | Place    | Note
-------+----------+-------------------------------------------
     0 | D:1      | Shayle the Naga Reaver began the quest for the Orb.
     0 | D:1      | Reached XP level 1. HP: 19/19 MP: 3/3
   187 | D:1      | Reached XP level 2. HP: 26/26 MP: 5/5
   279 | D:1      | HP: 1/26 [goblin/+0 dagger (1)]
   282 | D:1      | Slain by a goblin

Illustrated notes

Levels and vault maps discovered:
D:1:      matt_arrival_los_fun, layout_rooms

Action                   || total
-------------------------++-------
Melee: Hand axe          ||    26
Throw: Dart              ||     5
 Abil: Spit Poison       ||     8
  Use: Scroll            ||     1
Armor: Leather armour    ||     7
Dodge: Dodged            ||    20

Table legend: (Time is in decaauts)
 A = Elapsed time spent in this place.
 B = Non-inter-level travel time spent in this place.
 C = Inter-level travel time spent in this place.
 D = Time resting spent in this place.
 E = Time spent auto-exploring this place.
 F = Levels seen in this place.
 G = Mean time per level.
                   A        B        C        D        E       F      G
               +--------+--------+--------+--------+--------+-----+--------+
         Total |    347 |    347 |      0 |      0 |    203 |   1 |  347.0 |
       Dungeon |    347 |    347 |      0 |      0 |    203 |   1 |  347.0 |
               +--------+--------+--------+--------+--------+-----+--------+

Top non-repeatable levels by time:
     D:1: 347 daAuts
